 Dungeon Crawl Stone Soup version 0.27.0-66-gdc8fb28755 (webtiles) character file.

Game seed: 7394790278276582542

7 ZenoRockbell the Shield-Bearer (level 1, -1/18 HPs)
             Began as a Demigod Fighter on Aug 19, 2021.
             Slain by a gnoll (4 damage)
             ... on level 1 of the Dungeon.
             The game lasted 00:01:25 (94 turns).

ZenoRockbell the Shield-Bearer (Demigod Fighter)      Turns: 94, Time: 00:01:25

Health: -1/18      AC:  6    Str: 17    XL:     1   Next: 66%
Magic:  3/3        EV:  7    Int: 10    God:
Gold:   0          SH:  9    Dex: 13    Spells: 0/0 levels left

rFire    . . .     SeeInvis .   a - +0 long sword
rCold    . . .     Faith    .   c - +0 kite shield
rNeg     . . .     Spirit   .   b - +0 scale mail
rPois    .         Reflect  .   (no helmet)
rElec    .         Harm     .   (no cloak)
rCorr    .         Rampage  .   (no gloves)
Will     .....                  (no boots)
Stlth    ..........             (no amulet)
HPRegen  0.06/turn              (no ring)
MPRegen  0.08/turn              (no ring)

@: no status effects
A: high mp 1, forlorn
a: no special abilities


You were on level 1 of the Dungeon.
You visited 1 branch of the dungeon, and saw 1 of its levels.

Inventory:

Hand Weapons
 a - a +0 long sword (weapon)
Armour
 b - a +0 scale mail (worn)
 c - a +0 kite shield (worn)
Potions
 d - a potion of might


   Skills:
 * Level 2.7 Fighting
 * Level 1.8 Long Blades
 * Level 2.7 Armour
 * Level 3.0 Shields


You couldn't memorise any spells.
You didn't know any spells.
Your spell library contained the following spells:

 Spells                   Type           Power      Damage    Failure   Level
 Inner Flame              Hex/Fire       0%         N/A       100%        3
 Cause Fear               Hex            0%         N/A       100%        4
 Discord                  Hex            0%         N/A       100%        8


Dungeon Overview and Level Annotations

Branches:
Dungeon (1/15)


Innate Abilities, Weirdness & Mutations

Your attributes grow dramatically as you level up.
You have an increased reservoir of magic. (+10% MP)
You shall have no god before yourself.


Message History

Your Shields skill increases to level 3!
Things that are here:
a +0 dagger; a ball python corpse; a bat corpse You hit the endoplasm.
You kill the endoplasm!
Things that are here:
a +0 dagger; a ball python corpse; a bat corpse You see here a +0 dagger of venom.
Found 15 gold pieces.
A goblin and a kobold come into view.
The goblin shouts!
Found 9 gold pieces.
A gnoll comes into view. It is wielding a +0 flail.
The gnoll shouts!
Found a flail.
Found 3 gold pieces.
You closely miss the kobold. The kobold hits you but does no damage.
You slash the kobold!
You kill the kobold!
The gnoll barely misses you.
You hit the gnoll.
The gnoll is lightly wounded.
You block the gnoll's attack.
You barely miss the gnoll.
The gnoll is lightly wounded.
The gnoll hits you but does no damage. The gnoll hits you with a +0 flail.
You barely miss the gnoll.
The gnoll is lightly wounded.
The gnoll hits you with a +0 flail.
You hit the gnoll.
The gnoll is moderately wounded.
The gnoll hits you with a +0 flail!
* * * LOW HITPOINT WARNING * * *
The gnoll hits you with a +0 flail.
* * * LOW HITPOINT WARNING * * *
As you read the scroll labelled ECENWY URILL, it crumbles to dust.
The creatures around you are filled with an inner flame!
It was a scroll of immolation.
The gnoll barely misses you. The gnoll hits you with a +0 flail.
You die...

###### #####....#
#.gg.....#
#@##.##..#
#$#$$)#..#
#.##.##..#
..#...#..#
#..#####..########
#......)...).....##
#..#######.........
#... #.......##
######.##


You could see a gnoll (inner flame) and a goblin (inner flame).

Vanquished Creatures
  An endoplasm (D:1)
  A goblin (D:1)
  A hobgoblin (D:1)
  A ball python (D:1)
  A bat (D:1)
  2 kobolds (D:1)
7 creatures vanquished.

Notes
Turn   | Place    | Note
-------+----------+-------------------------------------------
     0 | D:1      | ZenoRockbell the Demigod Fighter began the quest for the
                  | Orb.
     0 | D:1      | Reached XP level 1. HP: 18/18 MP: 3/3
    64 | D:1      | Reached skill level 3 in Shields
    94 | D:1      | Slain by a gnoll

Illustrated notes

Levels and vault maps discovered:
D:1:      mushboom_english_gardens, layout_rooms, amcnicky_mini_pool_small,
          minmay_split_cup_small

Skill      XL: |  1 |
---------------+----+-----
Shields        | 3 |  3.0
Fighting       | |  2.7
Long Blades    | |  1.8
Armour         | |  2.7

Action                   || total
-------------------------++-------
Melee: Long sword        ||    11
  Use: Scroll            ||     1
Armor: Scale mail        ||     6
Dodge: Dodged            ||     6
Block: Kite shield       ||     3
       Rpst.: Long sword ||     2
